 Dungeon Sprint DCSS version 0.21.1-1-g345015f (webtiles) character file.

128 Fang the Skirmisher (level 5, -11/57 HPs)
             Began as a Gargoyle Berserker on May 25, 2018.
             Was an Elder of Trog.
             Mangled by a two-headed ogre
             ... wielding a +0 giant club
              (24 damage)
             ... in the Dungeon (Sprint IX: "|||||||||||||||||||||||||||||").
             The game lasted 00:00:40 (252 turns).

Fang the Skirmisher (Gargoyle Berserker)             Turns: 252, Time: 00:00:40

Health: -11/57     AC: 10    Str: 27    XL:     5   Next: 11%
Magic:  5/5        EV: 13    Int:  7    God:    Trog [****..]
Gold:   0          SH:  0    Dex:  9    Spells: 4/4 levels left

rFire    . . .     SeeInvis .   n - +3 war axe (chop)
rCold    . . .     Gourm    .   (no shield)
rNeg     + . .     Faith    .   b - +0 animal skin
rPois    ∞         Spirit   .   (no helmet)
rElec    +         Reflect  .   (no cloak)
rCorr    .         Harm     .   (no gloves)
MR       .....     NoTele   +   (no boots)
Stlth    ..........             (no amulet)
HPRegen  0.19/turn              j - +2 ring of protection
MPRegen  0.09/turn              o - +2 ring of protection

@: berserking, very quick
A: negative energy resistance 1, electricity resistance, unbreathing,
petrification resistance, rot immunity, AC +4
a: Berserk, Trog's Hand, Brothers in Arms, Burn Spellbooks, Renounce Religion


You were in the Dungeon.
You worshipped Trog.
Trog was greatly pleased with you.
You were not hungry.

You visited 1 branch

Inventory:

Hand Weapons
 a - a +0 hand axe
 n - a +3 war axe of chopping (weapon)
Armour
 b - a +0 animal skin (worn)
Jewellery
 j - a +2 ring of protection (left hand)
 o - a +2 ring of protection (right hand)
Wands
 m - a wand of iceblast (10)
Scrolls
 i - 2 scrolls of blinking
 l - 3 scrolls of remove curse
Potions
 d - 5 potions of curing
 e - 3 potions of heal wounds
 f - a potion of haste
 g - 4 potions of magic
 h - a potion of berserk rage
 k - a potion of invisibility
Comestibles
 c - a ration


   Skills:
 + Level 7.2 Fighting
 + Level 6.4 Axes
 + Level 3.7 Armour
 + Level 3.1 Dodging


You had 4 spell levels left.
You didn't know any spells.

Dungeon Overview and Level Annotations

Branches:
Dungeon (1/1)

Altars:
Cheibriados
Dithmenos
Elyvilon
Fedhas
Gozag
Hepliaklqana
Kikubaaqudgha
Makhleb
Nemelex Xobeh
Okawaru
Qazlal
Ru
Sif Muna
Trog
Uskayaw
Vehumet
Wu Jian
Xom
Yredelemnul
Zin
The Shining One
Beogh
Jiyva
Lugonu


Innate Abilities, Weirdness & Mutations

You are resistant to torment.
Your stone body is resilient. (AC +4)
You are immune to poison.
You resist negative energy. (rN+)
You are resistant to electric shocks. (rElec)
You can survive without breathing.
You are immune to petrification.
You are immune to rotting.


Message History

Your Axes skill increases to level 6!
Your Dodging skill increases to level 3!
You have reached level 5!
You slice the leopard gecko!!
You kill the leopard gecko!
Trog accepts your kill.
Unknown command.
The two-headed ogre barely misses you.
The two-headed ogre hits you with a giant club!
There is an open door to the Dungeon, spattered with blood here.
Unknown command.
You barely miss the two-headed ogre.
Unknown command.
You slash the two-headed ogre!
The two-headed ogre is moderately wounded.
The two-headed ogre hits you with a giant club!!
Ouch! That really hurt!
* * * LOW HITPOINT WARNING * * *
The two-headed ogre hits you with a giant club!!
You die... ▓▓▓▓▓▓▓▓▓▓▓▓▓▓▓▓▓▓▓▓▓▓▓▓ +..ohZO@..[[[)|?.'______ ▓▓▓▓▓▓▓▓▓▓▓▓▓▓▓▓▓▓▓▓▓▓▓▓

You could see a two-headed ogre, a black bear, an orc and a bat skeleton.

Vanquished Creatures
  A crimson imp (D)
  A quasit (D)
  A hound (D)
  A worker ant (D)
  A leopard gecko (D)
  A bat (D)
  A bat skeleton (D)
  A goblin (D)
  A kobold (D)
  A quokka (D)
  A frilled lizard (D)
  A rat (D)
12 creatures vanquished.

Notes
Turn   | Place    | Note
-------+----------+-------------------------------------------
     0 | D        | Fang the Gargoyle Berserker began the quest for the Orb.
     0 | D        | Reached XP level 1. HP: 14/14 MP: 1/1
    13 | D        | Reached ** piety under Trog
    16 | D        | Reached skill level 4 in Fighting
   129 | D        | Noticed a crimson imp
   129 | D        | Noticed a worker ant
   129 | D        | Noticed a hound
   131 | D        | Reached XP level 2. HP: 20/20 MP: 2/2
   136 | D        | Reached *** piety under Trog
   136 | D        | Reached skill level 5 in Fighting
   136 | D        | Reached XP level 3. HP: 26/26 MP: 3/3
   142 | D        | Reached skill level 6 in Fighting
   142 | D        | Reached skill level 5 in Axes
   142 | D        | Reached XP level 4. HP: 32/32 MP: 4/4
   194 | D        | Found a roughly hewn altar of Beogh.
   194 | D        | Found a snail-covered altar of Cheibriados.
   194 | D        | Found a shadowy altar of Dithmenos.
   194 | D        | Found a white marble altar of Elyvilon.
   194 | D        | Found a blossoming altar of Fedhas.
   194 | D        | Found an opulent altar of Gozag.
   195 | D        | Found a hazy altar of Hepliaklqana.
   196 | D        | Found a viscous altar of Jiyva.
   197 | D        | Found an ancient bone altar of Kikubaaqudgha.
   198 | D        | Found a corrupted altar of Lugonu.
   199 | D        | Found a burning altar of Makhleb.
   200 | D        | Found a sparkling altar of Nemelex Xobeh.
   201 | D        | Found an iron altar of Okawaru.
   202 | D        | Found a stormy altar of Qazlal.
   203 | D        | Found a sacrificial altar of Ru.
   204 | D        | Found a deep blue altar of Sif Muna.
   205 | D        | Found a bloodstained altar of Trog.
   206 | D        | Found a hide-covered altar of Uskayaw.
   207 | D        | Found a radiant altar of Vehumet.
   208 | D        | Found an ornate altar of the Wu Jian Council.
   209 | D        | Found a shimmering altar of Xom.
   210 | D        | Found a basalt altar of Yredelemnul.
   211 | D        | Found a glowing silver altar of Zin.
   212 | D        | Found a glowing golden altar of the Shining One.
   244 | D        | Noticed a black bear
   244 | D        | Noticed a two-headed ogre
   248 | D        | Reached **** piety under Trog
   248 | D        | Reached skill level 7 in Fighting
   248 | D        | Reached XP level 5. HP: 38/38 MP: 5/5
   252 | D        | Mangled by a two-headed ogre

Skill      XL: |  1  2  3  4 |
---------------+-------------+-----
Axes           | 3 4 5 6 |  6.4
Fighting       | 4 5 6 7 |  7.2
Armour         | 3 |  3.7
Dodging        | 2 3 |  3.1

Action                   |  1- 3 |  4- 6 || total
-------------------------+-------+-------++-------
Melee: Hand axe          |    25 |    11 ||    36
       War axe           |       |     6 ||     6
Invok: Berserk           |     1 |     1 ||     2
Armor: Animal skin       |    10 |     6 ||    16
Dodge: Dodged            |    11 |    18 ||    29
